 Dungeon Crawl Stone Soup version 0.32-a0-960-g3814254bd7 (webtiles) character file.

Game seed: 16618772607207466127

240 trashops the Chopper (level 5, 0/46 HPs)
             Began as a Mountain Dwarf Fighter on Apr 17, 2024.
             Slain by Crazy Yiuf
             ... wielding a +4 quarterstaff of chaos
              (9 damage)
             ... on level 2 of the Dungeon.
             The game lasted 00:02:26 (1544 turns).

trashops the Chopper (Mountain Dwarf Fighter)       Turns: 1544, Time: 00:02:27

Health: 0/46       AC:  9    Str: 21    XL:     5   Next: 80%
Magic:  5/5        EV:  8    Int:  8    God:
Gold:   100        SH:  4    Dex:  9    Spells: 4/4 levels left

rFire   . . .        a - +0 war axe
rCold   . . .        c - +0 buckler
rNeg    . . .        b - +0 scale mail
rPois   .            (no helmet)
rElec   .            g - +1 cloak
rCorr   .            (no gloves)
SInv    .            (no boots)
Will    .....        (no amulet) Stlth
                     (no ring)
HPRegen 0.27/turn    (no ring)
MPRegen 0.09/turn

%: no passive effects
@: lethally poisoned (0 -> -3)
A: runic magic, artefact enchanting
a: no special abilities


You were on level 2 of the Dungeon.
You visited 1 branch of the dungeon, and saw 2 of its levels.

You collected 100 gold pieces.

Inventory:

Hand Weapons
 a - a +0 war axe (weapon)
Armour
 b - a +0 scale mail (worn)
 c - a +0 buckler (worn)
 g - a +1 cloak (worn)
Jewellery
 i - a ring of flight
Potions
 f - a potion of heal wounds
 h - a potion of lignification


   Skills:
 * Level 4.2 Fighting
 * Level 5.6 Axes
 * Level 4.4 Armour
 + Level 3.5 Shields


You had 4 spell levels left.
You didn't know any spells.
Your spell library contained the following spells:

 Spells                   Type           Power      Damage    Failure   Level
 Frozen Ramparts          Ice            0%         1d1       90%         3
 Ozocubu's Armour         Ice            0%         N/A       90%         3
 Metabolic Englaciation   Hex/Ice        0%         N/A       100%        5


Dungeon Overview and Level Annotations

Branches:
Dungeon (2/15)

Altars:

Annotations:
D:2 Crazy Yiuf


Innate Abilities, Weirdness & Mutations

Your spellcasting is much less encumbered by armour.
You can use scrolls of enchantment on lesser artefacts.


Message History

The orc barely misses you.
You hit the orc but do no damage.
The orc is severely wounded.
The orc hits you but does no damage. The orc hits you with a +0 club.
You slash the orc!
You kill the orc!
Items here: )) [[.
Okay, then.
Found a hammer.
Found a runed translucent door.
Crazy Yiuf shouts!
Crazy Yiuf whimpers, "Key!
Hack koolooloo cower."
You open the door. You closely miss Crazy Yiuf.
Crazy Yiuf completely misses you.
You slash Crazy Yiuf!
Crazy Yiuf is heavily wounded.
Crazy Yiuf hits you with a +4 quarterstaff of chaos!
You are poisoned.
You closely miss Crazy Yiuf.
Crazy Yiuf is heavily wounded.
You feel very sick.
Crazy Yiuf laughs, "Snower unthinkable eyeball!"
You block Crazy Yiuf's attack.
You closely miss Crazy Yiuf.
Crazy Yiuf is heavily wounded.
You feel sick.
Crazy Yiuf hits you with a +4 quarterstaff of chaos.
Crazy Yiuf freezes you.
Crazy Yiuf hits you with a +4 quarterstaff of chaos!
You barely miss Crazy Yiuf.
Crazy Yiuf is heavily wounded.
You feel sick.
Crazy Yiuf hits you with a +4 quarterstaff of chaos.
* * * LOW HITPOINT WARNING * * *
Crazy Yiuf freezes you.
* * * LOW HITPOINT WARNING * * *
You hit Crazy Yiuf.
Crazy Yiuf is heavily wounded.
You feel sick.
Crazy Yiuf hits you with a +4 quarterstaff of chaos!
You die...

### ..# #.# #.# ###
♣♣###.# ### #)..#♣♣
♣♣..#..# #.#
#...g@♣♣♣♣......###
#.#
#...#♣..♣.........#
#.# ###
♣♣♣.♣...####)# #.#
♣♣♣♣♣## #)# #.#
#.#### #.###### #
#..... #......# .#
###### #.#....##.#
#######.#.......###
######


You could see Crazy Yiuf.

Vanquished Creatures
  Sigmund (D:2)
  An orc wizard (D:2)
  2 adders (D:2)
  A ribbon worm (D:2)
  4 orcs (D:2)
  5 endoplasms (D:2)
  A hobgoblin (D:1)
  2 jackals (D:1)
  4 ball pythons
  9 bats
  A frilled lizard (D:2)
  5 goblins
  3 kobolds
  4 rats
  A spectral hobgoblin (D:1)
44 creatures vanquished.

Notes
Turn   | Place    | Note
-------+----------+-------------------------------------------
     0 | D:1      | trashops the Mountain Dwarf Fighter began the quest for the
                  | Orb.
     0 | D:1      | Reached XP level 1. HP: 19/19 MP: 1/1
   262 | D:1      | Reached XP level 2. HP: 26/26 MP: 2/2
   718 | D:1      | Found a faded altar of an unknown god.
   896 | D:2      | Reached skill level 3 in Axes
   896 | D:2      | Reached XP level 3. HP: 26/31 MP: 3/3
  1304 | D:2      | Noticed Sigmund
  1317 | D:2      | Killed Sigmund
  1318 | D:2      | Reached skill level 5 in Axes
  1318 | D:2      | Reached XP level 4. HP: 27/40 MP: 4/4
  1318 | D:2      | Reached XP level 5. HP: 31/46 MP: 5/5
  1534 | D:2      | Found a runed translucent door.
  1535 | D:2      | Noticed Crazy Yiuf
  1544 | D:2      | Slain by Crazy Yiuf

Illustrated notes

Levels and vault maps discovered:
D:1:      dpeg_arrival_tiny_i, layout_loops_ring,
          dreamdust_ecumenical_altar_drowned_temple
D:2:      layout_loops_ring, uniq_crazy_yiuf_cottage, uniq_sigmund

Skill      XL: |  1  2  3 |
---------------+----------+-----
Axes           | 3 5 |  5.6
Armour         | 4 |  4.4
Fighting       | 4 |  4.2
Shields        | |  3.5

Action                     |  1- 3 |  4- 6 || total
---------------------------+-------+-------++-------
  Melee: War axe           |   109 |    40 ||   149
    Use: Scroll            |     3 |       ||     3
         Potion            |     1 |       ||     1
 Armour: Scale mail        |    77 |    32 ||   109
  Dodge: Dodged            |    58 |    14 ||    72
  Block: Buckler           |    26 |     4 ||    30

Table legend: (Time is in decaauts)
 A = Elapsed time spent in this place.
 B = Non-inter-level travel time spent in this place.
 C = Inter-level travel time spent in this place.
 D = Time resting spent in this place.
 E = Time spent auto-exploring this place.
 F = Levels seen in this place.
 G = Mean time per level.
                   A        B        C        D        E       F      G
               +--------+--------+--------+--------+--------+-----+--------+
         Total |   1605 |   1605 |      0 |      0 |   1246 |   2 |  802.5 |
       Dungeon |   1605 |   1605 |      0 |      0 |   1246 |   2 |  802.5 |
               +--------+--------+--------+--------+--------+-----+--------+

Top non-repeatable levels by time:
     D:1: 857 daAuts
     D:2: 748 daAuts
